 Dungeon Crawl Stone Soup version 0.31.0-32-g396128a36d (webtiles) character file.

Game seed: 824369662008885176

485 hawla the Firebug (level 6, -3/32 HPs)
             Began as a Deep Elf Fire Elementalist on Apr 14, 2024.
             Slain by a water moccasin zombie (6 damage)
             ... in an ossuary.
             The game lasted 00:08:31 (4644 turns).

hawla the Firebug (Deep Elf Fire Elementalist)      Turns: 4644, Time: 00:08:32

Health: -3/32      AC:  3    Str:  7    XL:     6   Next: 88%
Magic:  0/12       EV: 12    Int: 20    God:
Gold:   181        SH:  0    Dex: 15    Spells: 4/11 levels left

rFire   . . .        (no weapon)
rCold   . . .        (no shield)
rNeg    . . .        a - +0 robe
rPois   .            (no helmet)
rElec   .            (no cloak)
rCorr   .            (no gloves)
SInv    .            k - +0 pair of boots
Will    .....        (no amulet)
Stlth   ++           (no ring)
HPRegen 0.25/turn    (no ring)
MPRegen 0.13/turn

%: no passive effects
@: no status effects
A: no striking features
a: no special abilities


You were in an ossuary.
You visited 1 branch of the dungeon, and saw 4 of its levels.
You also visited: Ossuary.

You collected 181 gold pieces.

Inventory:

Armour
 a - a +0 robe (worn)
 k - a +0 pair of boots (worn)
Jewellery
 i - a ring of protection from fire
Potions
 b - a potion of magic
 d - a potion of enlightenment
 e - a potion of haste {unknown}
 f - 3 potions of resistance {unknown}
 h - 2 potions of curing {unknown}
 j - a potion of attraction {unknown}


   Skills:
 - Level 2.4 Dodging
 - Level 2.4 Stealth
 - Level 3.0 Spellcasting
 * Level 4.2 Conjurations
 * Level 7.5 Fire Magic


You had 4 spell levels left.
You knew the following spells:

 Your Spells              Type           Power      Damage    Failure   Level
a - Foxfire               Conj/Fire      100%       2x1d9     1%          1
b - Scorch                Fire           66%        2d7       1%          2
c - Flame Wave            Conj/Fire      26%        2d8       13%         4

Your spell library contained the following spells:

 Spells                   Type           Power      Damage    Failure   Level
 Inner Flame              Hex/Fire       18%        N/A       9%          3
 Volatile Blastmotes      Fire/Tloc      36%        2d13      9%          3


Dungeon Overview and Level Annotations

Branches:
Dungeon (4/15)            Ossuary (1/1)
 Temple: D:4-7

Altars:
Kikubaaqudgha

Shops:
D:3 [


Message History

You destroy the jackal zombie!
The flame wave engulfs the crocodile zombie.
The crocodile zombie is moderately damaged.
The flame wave engulfs the gnoll zombie!
You destroy the gnoll zombie!
The flame wave engulfs the water moccasin zombie!
The water moccasin zombie is moderately damaged.
You finish channelling waves of flame.
The water moccasin zombie bites you.
Unknown command.
Casting: Flame Wave (quite dangerous; 14% risk of failure)
Confirm with . or Enter, or press ? or * to list all spells.
Casting: Flame Wave (quite dangerous; 14% risk of failure)
Press: ? - help, Dir - look around, f - activate A wave of flame ripples out!
The flame wave engulfs the water moccasin zombie!
The water moccasin zombie is almost destroyed. (Press . to intensify the flame waves.)
The water moccasin zombie bites you.
A wave of flame ripples out!
The flame wave engulfs the water moccasin zombie!
The water moccasin zombie is heavily damaged.
The flame wave engulfs the water moccasin zombie!
You destroy the water moccasin zombie!
The flame wave engulfs the gnoll zombie!
You destroy the gnoll zombie!
The flame wave engulfs the crocodile zombie.
The crocodile zombie is heavily damaged.
The water moccasin zombie bites you.
Your Conjurations skill increases to level 4!
A wave of flame ripples out!
The flame wave engulfs the water moccasin zombie!
The water moccasin zombie is severely damaged.
The flame wave engulfs the crocodile zombie!
The crocodile zombie is severely damaged.
You finish channelling waves of flame.
The water moccasin zombie bites you. The crocodile zombie bites you!
* * * LOW HITPOINT WARNING * * *
The crocodile zombie drags you backwards!
The water moccasin zombie bites you.
You die...

+!)$!#.∩.').
#!?!!#...#.. ###
#####.. #.. ###+#
### #...# #.. #...#
#.. #..Z# #.. #.Z@#
#.. ###'# ### #...#
#.. #...# #.. #...#
#.. #...# #§.
##'#################
#...#...'....#...#..
#...'...#....#...#..


You could see a water moccasin zombie and a crocodile zombie.

Vanquished Creatures
  A burial acolyte (Ossuary)
  5 water moccasin zombies (Ossuary)
  6 adders
  7 adder zombies (Ossuary)
  A ribbon worm (D:2)
  3 orcs (D:3)
  5 bats
  5 endoplasms
  2 giant cockroaches (D:1)
  8 gnoll zombies (Ossuary)
  2 goblins (D:1)
  10 hobgoblins
  8 kobolds
  4 quokkas
  7 ball pythons
  4 frilled lizards
  4 jackal zombies (Ossuary)
  5 orc zombies (Ossuary)
  5 rats
92 creatures vanquished.

Vanquished Creatures (collateral kills)
  A foxfire (D:3)
1 creature vanquished.

Vanquished Creatures (others)
  122 foxfires
122 creatures vanquished.

Grand Total: 215 creatures vanquished

Notes
Turn   | Place    | Note
-------+----------+-------------------------------------------
     0 | D:1      | hawla the Deep Elf Fire Elementalist began the quest for
                  | the Orb.
     0 | D:1      | Reached XP level 1. HP: 10/10 MP: 6/6
   179 | D:1      | Reached XP level 2. HP: 15/15 MP: 6/8
   182 | D:1      | Learned a level 2 spell: Scorch
   242 | D:1      | Reached skill level 4 in Fire Magic
  1360 | D:2      | Reached XP level 3. HP: 19/19 MP: 6/9
  1576 | D:2      | Reached skill level 5 in Fire Magic
  2071 | D:2      | Reached XP level 4. HP: 23/24 MP: 4/10
  2904 | D:3      | Found an ancient bone altar of Kikubaaqudgha.
  3099 | D:3      | Reached skill level 6 in Fire Magic
  3485 | D:3      | Found Tialeox's Antique Armour Boutique.
  4131 | D:4      | Found a sand-covered staircase.
  4139 | Ossuary  | Entered an ossuary
  4145 | Ossuary  | Learned a level 4 spell: Flame Wave
  4151 | Ossuary  | Reached XP level 5. HP: 23/28 MP: 3/11
  4440 | Ossuary  | Reached skill level 7 in Fire Magic
  4440 | Ossuary  | Reached XP level 6. HP: 7/32 MP: 0/12
  4644 | Ossuary  | Slain by a water moccasin zombie

Illustrated notes

Levels and vault maps discovered:
D:1:      dpeg_chamrin_arrival_tetris, layout_basic
D:2:      minmay_evil_eye, layout_loops_corners
D:3:      layout_basic, kiku_gazebo_garden_becter, serial_shops,
          nicolae_shop_advertising_works [nicolae_subvault_shop_adworks]
D:4:      layout_loops_ring, minitemple, nicolae_ossuary_entry_plus,
          kennysheep_generic_room_4
Ossuary:  ossuary_tomb_2

Skill      XL: |  1  2  3  4  5  6 |
---------------+-------------------+-----
Fire Magic     | 4 5 6 7 |  7.5
Conjurations   | 3 4 |  4.2
Dodging        | |  2.4
Stealth        | |  2.4
Spellcasting   | |  3.0

Action                     |  1- 3 |  4- 6 || total
---------------------------+-------+-------++-------
  Melee: Unarmed           |     1 |     9 ||    10
   Cast: Foxfire           |    47 |    27 ||    74
         Scorch            |    15 |    25 ||    40
         Flame Wave        |       |     7 ||     7
    Use: Scroll            |     1 |     3 ||     4
         Potion            |       |     1 ||     1
 Armour: Robe              |     6 |    33 ||    39
  Dodge: Dodged            |     7 |    23 ||    30
